 Dungeon Crawl Stone Soup version 0.22-a0-480-g991dd4b (webtiles) character file.

1 DrEnzyme the Magician (level 1, 0/13 HPs)
             Began as a Mummy Wanderer on June 15, 2018.
             Slain by a hobgoblin (2 damage)
             ... on level 1 of the Dungeon.
             The game lasted 00:00:51 (91 turns).

DrEnzyme the Magician (Mummy Wanderer)                Turns: 91, Time: 00:00:51

Health: 0/13       AC:  4    Str: 13    XL:     1   Next: 16%
Magic:  5/5        EV: 11    Int: 13    God:
Gold:   13         SH:  0    Dex: 11    Spells: 8/8 levels left

rFire    x . .     SeeInvis .   e - +0 club
rCold    + . .     Gourm    .   (no shield)
rNeg     + + +     Faith    .   d - +0 robe
rPois    ∞         Spirit   .   a - +2 hat
rElec    .         Reflect  .   (no cloak)
rCorr    .         Harm     .   (no gloves)
MR       .....                  (no boots)
Stlth    +.........             (no amulet)
HPRegen  0.04/turn              (no ring)
MPRegen  0.09/turn              (no ring)

@: no status effects
A: no food or potions, fire vulnerability, cold resistance 1, negative energy
resistance 3, torment resistance, unbreathing
a: no special abilities


You were on level 1 of the Dungeon.
You were not hungry.

You visited 1 branch of the dungeon, and saw 1 of its levels.

You collected 13 gold pieces.

Inventory:

Hand Weapons
 e - a +0 club (weapon)
Armour
 a - a +2 hat (worn)
 d - a +0 robe (worn)
Jewellery
 g - a +6 ring of strength {unknown}
Wands
 c - a wand of random effects (15)
Scrolls
 b - a scroll of teleportation
 f - a scroll of remove curse {unknown}


   Skills:
 + Level 1.0 Throwing
 + Level 4.1 Spellcasting
   Level 1.0 Necromancy
   Level 2.4 Transmutations
   Level 1.0 Air Magic
 + Level 1.0 Evocations


You had 8 spell levels left.
You didn't know any spells.
Your spell library contained the following spells:

 Spells                   Type           Power        Failure   Level  Hunger
 Spider Form              Tmut/Pois      #.........   36%         3    N/A
 Blade Hands              Tmut           #.........   91%         5    N/A
 Ice Form                 Ice/Tmut       #.......     77%         4    N/A
 Sticks to Snakes         Tmut           #.......     12%         2    N/A
 Beastly Appendage        Tmut           #.....       8%          1    N/A

Dungeon Overview and Level Annotations

Branches:
Dungeon (1/15)

Altars:


Innate Abilities, Weirdness & Mutations

You do not eat or drink.
Your flesh is vulnerable to fire.
You are immune to poison.
Your flesh is cold resistant. (rC+)
You are immune to negative energy. (rN+++)
You are immune to unholy pain and torment.
You can survive without breathing.


Message History

A giant cockroach comes into view.
A hobgoblin comes into view.
The hobgoblin shouts!
The hobgoblin moves out of view.
The giant cockroach closely misses you.
You closely miss the giant cockroach. The giant cockroach bites you.
You closely miss the giant cockroach. The giant cockroach misses you.
The giant cockroach barely misses you.
You barely miss the giant cockroach. The giant cockroach bites you.
You barely miss the giant cockroach. The giant cockroach barely misses you.
The giant cockroach closely misses you.
You completely miss the hobgoblin. The giant cockroach bites you.
The hobgoblin hits you.
The giant cockroach bites you but does no damage.
You barely miss the hobgoblin. The hobgoblin barely misses you.
The hobgoblin closely misses you.
You hit the hobgoblin but do no damage. The hobgoblin hits you.
* * * LOW HITPOINT WARNING * * *
The hobgoblin hits you.
You die...

. ....####...#.#
#.##...##......####
#......###....s...#
##...####.#####.#
#.....###.# #.#
#.#.....s.# #.#
.....#.###.# #.#
###.###.# #.#####s#
#. #.# #....@g.# .
..# #.####### .#
#.# #.# #.# #.# #.
#.. ... ... ..


You could see a giant cockroach and a hobgoblin.

Vanquished Creatures
  A frilled lizard (D:1)
  A rat (D:1)
2 creatures vanquished.

Notes
Turn   | Place    | Note
-------+----------+-------------------------------------------
     0 | D:1      | DrEnzyme the Mummy Wanderer began the quest for the Orb.
     0 | D:1      | DrEnzyme set off with: a scroll of teleportation, a wand of random effects (15), a +0 robe, a +0 club
     0 | D:1      | Reached XP level 1. HP: 13/13 MP: 5/5
    91 | D:1      | Slain by a hobgoblin

Vault maps used:
D:1:      dpeg_arrival_rooms_c, minmay_pentomino_r4

Action                   || total
-------------------------++-------
Melee: Club              ||    13
Armor: Robe              ||     4
Dodge: Dodged            ||     9

Table legend:
 A = Spawn XP
 B = Non-spawn XP
 C = Spawn XP percentage of total XP
 D = Spawn monster count
 E = Non-spawn monster count
 F = Spawn count percentage of total count
 G = Total turns spent on level
                    A         B        C        D         E        F      G
               +---------+---------+-------+---------+---------+-------+---------
         Total |       0 |       2 |   0.0 |       0 |       2 |   0.0 |    91
               +---------+---------+-------+---------+---------+-------+---------
           D:1 |       0 |       2 |   0.0 |       0 |       2 |   0.0 |    91
               +---------+---------+-------+---------+---------+-------+---------
